 Dungeon Crawl Stone Soup version 0.27.1-3-gb3d3a73c9e (webtiles) character file.

Game seed: 9587190709245361914

21 Crownlay the Insei (level 2, -2/19 HPs)
             Began as an Octopode Transmuter on Oct 28, 2021.
             Slain by a quokka (5 damage)
             ... on level 1 of the Dungeon.
             The game lasted 00:01:19 (735 turns).

Crownlay the Insei (Octopode Transmuter)             Turns: 735, Time: 00:01:20

Health: -2/19      AC:  1    Str:  9    XL:     2   Next: 87%
Magic:  4/5        EV: 13    Int: 15    God:
Gold:   46         SH:  0    Dex: 12    Spells: 4/5 levels left

rFire    . . .     SeeInvis .     - Unarmed
rCold    . . .     Faith    .   (no shield)
rNeg     . . .     Spirit   .   (helmet currently unavailable)
rPois    .         Reflect  .   (no amulet)
rElec    .         Harm     .   (no ring)
rCorr    .         Rampage  .   (no ring)
Will     .....                  (no ring)
Stlth    +++.......             (no ring)
HPRegen  0.06/turn              (no ring)
MPRegen  0.09/turn              (no ring)
                                (no ring)
                                (no ring)

@: appendages (expiring)
A: tentacle spike 3, almost no armour, amphibious, 8 rings, camouflage 1,
gelatinous body 1, (nimble swimmer 1), tentacles
a: End Transformation


You were on level 1 of the Dungeon.
One of your tentacles had grown a beastly spike.
You visited 1 branch of the dungeon, and saw 1 of its levels.

You collected 46 gold pieces.

Inventory:

Scrolls
 a - a scroll of teleportation {unknown}
 b - a scroll of identify {unknown}


   Skills:
 + Level 1.6 Fighting
 - Level 2.0 Dodging
 - Level 2.6 Stealth
 - Level 3.0 Unarmed Combat
 - Level 2.0 Spellcasting
 * Level 2.1 Transmutations


You had 4 spell levels left.
You knew the following spells:

 Your Spells              Type           Power      Damage    Failure   Level
a - Beastly Appendage     Tmut           14%        N/A       10%         1

Your spell library contained the following spells:

 Spells                   Type           Power      Damage    Failure   Level
 Wereblood                Tmut           7%         N/A       14%         2
 Spider Form              Tmut/Pois      2%         N/A       41%         3
 Ice Form                 Ice/Tmut       4%         N/A       82%         4


Dungeon Overview and Level Annotations

Branches:
Dungeon (1/15)

Altars:


Innate Abilities, Weirdness & Mutations

One of your tentacles has grown a beastly spike.
You cannot wear most types of armour.
You are amphibious.
You can wear up to eight rings at the same time.
Your skin changes colour to match your surroundings (Stealth+).
Your rubbery body absorbs attacks. (AC +1, EV +1)
((You are camouflaged near water. (Stealth+)))
You have tentacles for arms and can constrict up to eight enemies at once.


Message History

The hobgoblin shouts!
The quokka misses you.
You tentacle-slap the quokka. Your grab misses the quokka.
The quokka is lightly wounded.
The quokka misses you.
You tentacle-slap the quokka but do no damage.
Your grab misses the quokka. Your squeeze misses the quokka.
The quokka is lightly wounded.
The quokka bites you.
You barely miss the quokka. Your grab misses the quokka.
Your squeeze misses the quokka.
The quokka is lightly wounded.
The hobgoblin barely misses you. The quokka misses you.
You tentacle-slap the quokka. Your grab misses the quokka.
The quokka is moderately wounded.
The quokka bites you. The hobgoblin hits you.
You barely miss the quokka. Your grab misses the quokka.
The quokka is moderately wounded.
The quokka closely misses you. The hobgoblin hits you.
You closely miss the quokka. Your grab misses the quokka.
Your squeeze misses the quokka.
The quokka is moderately wounded.
The quokka misses you. The hobgoblin hits you.
Your magical contamination has completely faded away.
You are too injured to fight recklessly!
You are too injured to fight recklessly!
You are too injured to fight recklessly!
You are too injured to fight recklessly!
The quokka bites you.
* * * LOW HITPOINT WARNING * * *
Casting: Beastly Appendage (safe; 10% risk of failure)
Confirm with . or Enter, or press ? or * to list all spells.
One of your tentacles grows a vicious spike.
The hobgoblin barely misses you.
Your transformation is almost over.
You barely miss the quokka. Your grab misses the quokka.
Your tentacle spike misses the quokka.
The quokka is moderately wounded.
The quokka bites you.
You die...

#.#..... ... ##.#.!..
### ##......
###.#.#..#
.........######
##.#.#..........#####
#.g.########.......
##r## .##### #@# #.#
#######.#### ##### #.
#..........# .....
#.##.###...##.# #####
#.#...##.### #
#......#.# #........#
#......###


You could see a quokka and a hobgoblin.

Vanquished Creatures
  3 dart slugs (D:1)
  A bat (D:1)
  An endoplasm (D:1)
  A goblin (D:1)
  A hobgoblin (D:1)
  2 jackals (D:1)
  A quokka (D:1)
  A frilled lizard (D:1)
  2 kobolds (D:1)
  A rat (D:1)
14 creatures vanquished.

Notes
Turn   | Place    | Note
-------+----------+-------------------------------------------
     0 | D:1      | Crownlay the Octopode Transmuter began the quest for the
                  | Orb.
     0 | D:1      | Reached XP level 1. HP: 13/13 MP: 3/3
    62 | D:1      | Reached skill level 1 in Stealth
   350 | D:1      | Reached XP level 2. HP: 18/18 MP: 3/5
   735 | D:1      | Slain by a quokka

Illustrated notes

Levels and vault maps discovered:
D:1:      ncdulo_halloftheorcs, layout_loops_ring

Skill      XL: |  1 |
---------------+----+-----
Stealth        | 2 |  2.6
Fighting       | |  1.6
Dodging        | |  2.0
Unarmed Combat | |  3.0
Spellcasting   | |  2.0
Transmutations | |  2.1

Action                   || total
-------------------------++-------
Melee: Unarmed           ||    43
       Constrict         ||     8
       Kick              ||     7
       Punch             ||     1
       Tentacles         ||     1
 Cast: Beastly Appendage ||     7
Armor: Skin              ||     3
Dodge: Dodged            ||    44
